 Dungeon Crawl Stone Soup version 0.31-a0-325-g067879e3d3 (webtiles) character file.

Game seed: 15422328138845142275

31005 AdnanSaban the Bludgeoner (level 13, 0/87 HPs)
             Began as a Gargoyle Fighter on July 18, 2023.
             Was the Champion of Okawaru.
             Slain by a death knight
             ... wielding a +1 battleaxe of flaming
              (10 damage)
             ... on level 15 of the Dungeon.
             The game lasted 00:34:23 (16822 turns).

AdnanSaban the Bludgeoner (Gargoyle Fighter)       Turns: 16822, Time: 00:34:23

Health: 0/87       AC: 42    Str: 25    XL:     13   Next: 55%
Magic:  11/13      EV: 10    Int:  9    God:    Okawaru [******]
Gold:   1002       SH:  7    Dex: 12    Spells: 12/12 levels left

rFire   . . .        y - +4 flail of the Eggplant {freeze, rPois rCorr Dex+3}
rCold   + . .        c - +0 buckler
rNeg    + + .        M - +0 plate armour
rPois   ∞            G - +2 helmet {SInv}
rElec   +            o - +0 cloak
rCorr   +            u - +0 pair of gloves
SInv    +            K - +1 pair of boots of Jeafidast {rC+ Stlth+}
Will    .....        (no amulet) Stlth
                     k - ring of positive energy
HPRegen 0.34/turn    Q - +4 ring of protection
MPRegen 0.13/turn

%: no passive effects
@: heroic
A: sickness immunity, AC +9, negative energy resistance 1, electricity
resistance, torment resistance 1, petrification resistance
a: Renounce Religion, Heroism, Finesse, Duel


You were on level 15 of the Dungeon.
You worshipped Okawaru.
Okawaru was exalted by your worship.
You visited 2 branches of the dungeon, and saw 15 of its levels.
You also visited: Bailey.

You collected 1002 gold pieces.

Inventory:

Hand Weapons
 p - a +1 flail of protection
 y - the +4 flail of the Eggplant (weapon) {freeze, rPois rCorr Dex+3}
   (You found it on level 5 of the Dungeon)

   Dex:       It affects your dexterity (+3).
   rPois:     It protects you from poison.
   rCorr:     It protects you from acid and corrosion.
 A - the +8 great mace "Inaruuqo" {drain, Dex+4}
   (Okawaru gifted it to you on level 12 of the Dungeon)

   Dex:       It affects your dexterity (+4).
Missiles
 H - 8 throwing nets
Armour
 c - a +0 buckler (worn)
 o - a +0 cloak (worn)
 u - a +0 pair of gloves (worn)
 G - a +2 helmet of see invisible (worn)
 K - the +1 pair of boots of Jeafidast (worn) {rC+ Stlth+}
   (You found it in a bailey)

   rC:        It protects you from cold.
   Stlth:     It makes you more stealthy.
 M - a +0 plate armour (worn)
Jewellery
 b - a ring of ice
 f - a ring of flight
 k - a ring of positive energy (left hand)
 t - a ring of fire
 z - an amulet of magic regeneration
 J - the ring "Duweast" {rPois MP+9 Dex+3}
   (You took it off a gnoll bouda in a bailey)

   [ring of magical power]

   Dex:       It affects your dexterity (+3).
   rPois:     It protects you from poison.
   MP:        It affects your magic capacity (+9).
 Q - a +4 ring of protection (right hand)
 V - a ring of willpower
Wands
 q - a wand of polymorph (16)
 O - a wand of flame (29)
 W - a wand of paralysis (5)
 X - a wand of light (14)
Scrolls
 g - 4 scrolls of enchant armour {unknown}
 h - 6 scrolls of fog {unknown}
 n - 4 scrolls of vulnerability {unknown}
 r - a scroll of torment {unknown}
 x - 8 scrolls of identify {unknown}
 B - 4 scrolls of teleportation {unknown}
 D - a scroll of revelation {unknown}
 E - 3 scrolls of fear {unknown}
 F - 2 scrolls of amnesia {unknown}
 L - a scroll of immolation {unknown}
 N - a scroll of summoning {unknown}
 P - a scroll of noise {unknown}
 R - a scroll of poison {unknown}
 U - 3 scrolls of blinking {unknown}
 Z - a scroll of brand weapon {unknown}
Potions
 a - 4 potions of lignification {unknown}
 d - a potion of might
 e - 4 potions of cancellation {unknown}
 i - 4 potions of heal wounds {unknown}
 j - a potion of degeneration {unknown}
 l - a potion of ambrosia {unknown}
 m - a potion of haste {unknown}
 s - a potion of berserk rage {unknown}
 v - 2 potions of brilliance {unknown}
 w - 6 potions of curing {unknown}
 C - a potion of mutation {unknown}
 I - a potion of enlightenment {unknown}
 T - 2 potions of attraction {unknown}
 Y - a potion of experience {unknown}


   Skills:
 + Level 12.6(17.6) Fighting
 + Level 16.8(21.8) Maces & Flails
 + Level 13.1(18.1) Armour
 + Level 9.4(14.4) Shields
 + Level 0.5 Invocations


You had 12 spell levels left.
You didn't know any spells.
Your spell library contained the following spells:

 Spells                   Type           Power      Damage    Failure   Level
 Necrotise                Necr           0%         1d4       95%         1
 Ignite Poison            Fire/Tmut/Pois 0%         N/A       100%        3
 Vampiric Draining        Necr           0%         2d6       100%        3
 Sticky Flame             Conj/Fire      0%         2d3       100%        4
 Agony                    Necr           0%         N/A       100%        5
 Lee's Rapid Deconstruct  Erth           0%         3d4*      100%        5
 Ignition                 Fire           0%         3d3       100%        8
 Animate Armour           Summ/Erth      Unusable   N/A       N/A         4
 Summon Lightning Spire   Summ/Air       Unusable   N/A       N/A         4

Dungeon Overview and Level Annotations

Branches:
Dungeon (13/15)            Temple (1/1) D:4            Lair (0/5) D:11
    Orc (0/2) D:9          Bailey (visited)
 Vaults: D:13-14

Altars:
Ashenzari
Cheibriados
Dithmenos
Elyvilon
Fedhas
Gozag
Hepliaklqana
Kikubaaqudgha
Makhleb
Nemelex Xobeh
Okawaru
Qazlal
Ru
Sif Muna
Trog
Uskayaw
Vehumet
Wu Jian
Xom
Yredelemnul
Zin
The Shining One

Annotations:
D:6 1 runed translucent door, Crazy Yiuf


Innate Abilities, Weirdness & Mutations

You are immune to sickness and miasma.
Your stone body is resilient. (AC +9)
You are immune to poison.
You resist negative energy. (rN+)
You are resistant to electric shocks. (rElec)
You are resistant to unholy torment.
You are immune to petrification.


Message History

You block the wraith's attack.
You feel yourself speed up.
The death knight's dark mirror aura disappears.
The death knight attacks as you move away!
The death knight hits you but does no damage.
You hit the death knight but do no damage.
The death knight hits you with a +1 battleaxe of flaming.
The death knight burns you.
You bludgeon the wraith!! You freeze the wraith.
The wraith is severely damaged.
The death knight hits you with a +1 battleaxe of flaming!
The death knight burns you. You block the wraith's attack. x2
You sock the wraith!
You destroy the wraith!
Okawaru accepts your kill. The wraith hits you but does no damage.
You block the death knight's attack.
You hit the death knight but do no damage.
You bludgeon the death knight!! You freeze the death knight.
The death knight is moderately wounded.
The wraith hits you but does no damage.
The death knight hits you with a +1 battleaxe of flaming!
* * * LOW HITPOINT WARNING * * *
The death knight burns you.
* * * LOW HITPOINT WARNING * * *
You gain the combat prowess of a mighty hero.
The death knight closely misses you. You block the wraith's attack.
You sock the death knight! You freeze the death knight.
The death knight is heavily wounded.
The death knight hits you with a +1 battleaxe of flaming!
* * * LOW HITPOINT WARNING * * *
The death knight burns you.
* * * LOW HITPOINT WARNING * * *
The wraith closely misses you.
You bludgeon the death knight!! You freeze the death knight!
The death knight is almost dead.
You barely miss the death knight.
The death knight is almost dead.
The wraith closely misses you.
The death knight hits you with a +1 battleaxe of flaming!
You die...

#....... #......# ##### #......+
.... ####...# +......# .....
+......# #......# #... #......#
#......#
#...#####......##+#......######.
#.............W.................
#.............p@................
##.............###...............
...............# #...............
.........[.....# #...######......
........?......# ##### .####.
...............# ##
################


You could see a death knight and a wraith.

Vanquished Creatures
  Gastronok (D:10)
  An ogre mage (D:13)
  A catoblepas (D:12)
  3 centaur warriors (D:13)
  8 two-headed ogres
  A fire crab (shapeshifter) (D:12)
  2 deep elf pyromancers (D:12)
  2 manticores
  A cyclops (D:10)
  An ugly thing (D:12)
  Maurice (D:9)
  A gargoyle (D:9)
  2 unseen horrors
  3 yaktaurs (D:12)
  A kobold demonologist (D:11)
  2 komodo dragons
  2 freezing wraiths
  5 trolls
  A hornet (D:8)
  Prince Ribbit (D:8)
  7 slime creatures
  2 shadows
  A wyvern (D:7)
  A vampire (D:13)
  2 wraiths
  35 yaks
  4 vampire mosquitoes
  Grum (D:8)
  An acid dragon (D:7)
  4 water moccasins
  9 orc warriors
  5 ice beasts
  2 sky beasts (D:7)
  3 ogres
  8 wolves
  10 centaurs
  7 bullfrogs
  5 kobold brigands
  8 gnoll sergeants (Bailey)
  3 scorpions
  8 wights
  5 killer bees
  4 howler monkeys
  A jelly (D:6)
  7 orc priests
  7 gnoll boudas (Bailey)
  4 hounds
  3 sleepcaps
  5 iguanas
  7 orc wizards
  13 gnolls
  12 adders
  2 white imps
  An ufetubus (D:4)
  2 worms
  5 dart slugs
  37 orcs
  14 ball pythons
  5 endoplasms
  6 giant cockroaches
  11 goblins
  7 hobgoblins
  A jackal (D:3)
  24 kobolds
  A quokka (D:4)
  8 bats
  2 frilled lizards
  7 rats
367 creatures vanquished.

Vanquished Creatures (others)
  A boggart (D:13)
1 creature vanquished.

Grand Total: 368 creatures vanquished

Notes
Turn   | Place    | Note
-------+----------+-------------------------------------------
     0 | D:1      | AdnanSaban the Gargoyle Fighter began the quest for the
                  | Orb.
     0 | D:1      | Reached XP level 1. HP: 14/14 MP: 1/1
   124 | D:1      | Reached XP level 2. HP: 19/19 MP: 2/2
   395 | D:1      | Reached XP level 3. HP: 22/23 MP: 3/3
   772 | D:1      | Found a faded altar of an unknown god.
  1013 | D:2      | Found a shimmering altar of Xom.
  1031 | D:2      | Reached XP level 4. HP: 29/29 MP: 4/4
  1099 | D:2      | Reached skill level 3 in Maces & Flails
  1564 | D:1      | Reached XP level 5. HP: 5/33 MP: 5/5
  2371 | D:4      | Found a staircase to the Ecumenical Temple.
  2380 | Temple   | Entered the Ecumenical Temple
  2401 | Temple   | Became a worshipper of Warmaster Okawaru
  2495 | D:4      | Reached skill level 4 in Maces & Flails
  2570 | D:4      | Reached XP level 6. HP: 38/38 MP: 6/6
  2879 | D:4      | Found an ornate altar of the Wu Jian Council.
  3407 | D:5      | Entered Level 5 of the Dungeon
  3572 | D:5      | Reached skill level 5 in Maces & Flails
  3609 | D:5      | Reached * piety under Okawaru
  3610 | D:5      | Reached skill level 5 in Armour
  3610 | D:5      | Reached XP level 7. HP: 24/44 MP: 7/7
  3842 | D:5      | Identified the +4 flail of the Eggplant {freeze, rPois
                  | rCorr Dex+3}
  3889 | D:5      | Reached skill level 6 in Maces & Flails
  4443 | D:6      | Reached XP level 8. HP: 45/48 MP: 8/8
  4485 | D:6      | Reached skill level 5 in Fighting
  4514 | D:6      | Reached ** piety under Okawaru
  4575 | D:6      | Reached skill level 7 in Maces & Flails
  4907 | D:6      | Reached skill level 8 in Maces & Flails
  4985 | D:6      | Found a runed translucent door.
  4986 | D:6      | Noticed Crazy Yiuf
  5105 | D:7      | Reached skill level 5 in Shields
  5109 | D:7      | Reached XP level 9. HP: 36/55 MP: 9/9
  5246 | D:7      | Reached *** piety under Okawaru
  5442 | D:7      | Reached skill level 9 in Maces & Flails
  5678 | D:7      | Found a flagged portal.
  5687 | Bailey   | Entered a bailey
  6154 | Bailey   | Identified the ring "Duweast" {rPois MP+9 Dex+3}
  6874 | Bailey   | Reached **** piety under Okawaru
  7277 | Bailey   | Reached skill level 10 in Maces & Flails
  7380 | Bailey   | Reached XP level 10. HP: 56/63 MP: 10/10
  7408 | Bailey   | Identified the +1 pair of boots of Jeafidast {rC+ Stlth+}
  8282 | D:8      | Noticed Prince Ribbit
  8308 | D:8      | Killed Prince Ribbit
  8309 | D:8      | Reached skill level 11 in Maces & Flails
  8403 | D:8      | Found a burning altar of Makhleb.
  8403 | D:8      | Found a shimmering blue altar of Sif Muna.
  8405 | D:8      | Found a sacrificial altar of Ru.
  8406 | D:8      | Found a broken altar of Ashenzari.
  8565 | D:8      | Noticed Grum
  8668 | D:8      | Killed Grum
  8668 | D:8      | Reached ***** piety under Okawaru
  8724 | D:8      | Reached skill level 12 in Maces & Flails
  8836 | D:8      | Noticed a two-headed ogre
  8849 | D:8      | Killed a two-headed ogre
  9270 | D:9      | Reached XP level 11. HP: 64/68 MP: 11/11
  9293 | D:9      | Received a gift from Okawaru
  9329 | D:9      | Reached skill level 13 in Maces & Flails
  9421 | D:9      | Noticed Maurice
  9449 | D:9      | Killed Maurice
  9825 | D:9      | Found a staircase to the Orcish Mines.
 10000 | D:9      | Noticed a two-headed ogre
 10008 | D:9      | Killed a two-headed ogre
 10153 | D:9      | Reached skill level 10 in Armour
 10160 | D:9      | Reached skill level 14 in Maces & Flails
 10842 | D:10     | Entered Level 10 of the Dungeon
 10855 | D:9      | Reached ****** piety under Okawaru
 10894 | D:10     | Received a gift from Okawaru
 11193 | D:10     | Reached skill level 15 in Maces & Flails
 11210 | D:10     | Reached XP level 12. HP: 70/77 MP: 12/12
 11367 | D:10     | Found a hazy altar of Hepliaklqana.
 11673 | D:10     | Noticed Gastronok
 11778 | D:10     | Killed Gastronok
 11779 | D:10     | Reached skill level 10 in Fighting
 12086 | D:11     | Received a gift from Okawaru
 12320 | D:11     | Noticed a two-headed ogre
 12331 | D:11     | Killed a two-headed ogre
 12793 | D:11     | Found a staircase to the Lair.
 12907 | D:11     | Noticed a two-headed ogre
 12914 | D:11     | Killed a two-headed ogre
 13248 | D:12     | Reached skill level 16 in Maces & Flails
 13594 | D:12     | Noticed a two-headed ogre
 13602 | D:12     | Killed a two-headed ogre
 13621 | D:12     | Noticed a two-headed ogre
 13644 | D:11     | Killed a two-headed ogre
 13706 | D:12     | Noticed a two-headed ogre
 13712 | D:12     | Killed a two-headed ogre
 13713 | D:12     | Reached XP level 13. HP: 85/85 MP: 13/13
 13938 | D:12     | Found a transporter.
 13946 | D:12     | Found a transporter.
 13948 | D:12     | Found a transporter.
 14026 | D:12     | Identified the +8 great mace "Inaruuqo" {drain, Dex+4}
                  | (Okawaru gifted it to you on level 12 of the Dungeon)
 14026 | D:12     | Received a gift from Okawaru
 14259 | D:12     | Found a transporter.
 16394 | D:12     | Received a gift from Okawaru
 16732 | D:13     | You fall into a shaft and drop 2 floors!
 16732 | D:15     | Entered Level 15 of the Dungeon
 16822 | D:15     | Slain by a death knight

Illustrated notes

Levels and vault maps discovered:
D:1:      dpeg_arrival_refuge, layout_loops_corners,
          shapermc_ecumenical_altar_venn
D:2:      layout_basic, basic_altar, minmay_misc_feat_chi
D:3:      minmay_bubble_buster, layout_rooms, small_statue_alley_b,
          minmay_crystal_water, wad_floor_pattern_untrapped
D:4:      layout_basic, mainiacjoe_overflow_tiny_flanked,
          minmay_temple_entry_trees
D:5:      layout_basic
D:6:      layout_basic, uniq_crazy_yiuf_cottage
D:7:      layout_basic, enter_bailey_2, kennysheep_cross_bottleneck,
          hangedman_decor_lopped, minmay_manual_monolith
D:8:      layout_basic, mainiacjoe_overflow_alcove_3, uniq_prince_ribbit1,
          uniq_grum
D:9:      layout_basic, david_orc_5, uniq_maurice
D:10:     layout_gridville, worldfamousw_hep_ancestral_shrine, uniq_gastronok
D:11:     layout_roguey, grunt_lair_entry_orc_guard_hut
D:12:     wad_cavern_with_rooms, layout_basic, nrook_loot_triangle,
          nicolae_diode_quadrants
D:13:     layout_cave_pools, hangedman_vaults_entry_quadrant_bands,
          uniq_josephine
D:15:     grunt_enter_depths_hoard, layout_irregular_city,
          gauntlet_entry_generic
Temple:   nicolae_temple_slightly_damp_pantheon

Skill      XL: |  1  2  3  4  5  6  7  8  9 10 11 12 13 |
---------------+----------------------------------------+-----
Armour         | 4 5 6 7 9 10 12 13 | 13.1
Maces & Flails | 3 4 5 6 8 10 12 15 16 | 16.8
Fighting       | 4 5 7 8 9 11 12 | 12.6
Shields        | 4 5 6 7 8 9 |  9.4
Invocations    | |  0.5

Action                     |  1- 3 |  4- 6 |  7- 9 | 10-12 | 13-15 || total
---------------------------+-------+-------+-------+-------+-------++-------
  Melee: Flail             |   121 |   195 |   311 |   740 |   203 ||  1570
 Invoke: Heroism           |       |       |       |     3 |     1 ||     4
 Armour: Scale mail        |    87 |    73 |       |       |       ||   160
         Chain mail        |       |    25 |   144 |    32 |       ||   201
         Plate armour      |       |       |       |   386 |   178 ||   564
  Dodge: Dodged            |    62 |   129 |   238 |   304 |    65 ||   798
  Block: Buckler           |    22 |    35 |    78 |   166 |    70 ||   371

Table legend: (Time is in decaauts)
 A = Elapsed time spent in this place.
 B = Non-inter-level travel time spent in this place.
 C = Inter-level travel time spent in this place.
 D = Time resting spent in this place.
 E = Time spent auto-exploring this place.
 F = Levels seen in this place.
 G = Mean time per level.
                   A        B        C        D        E       F      G
               +--------+--------+--------+--------+--------+-----+--------+
         Total |  16709 |  15695 |   1014 |   2270 |   9421 |  16 | 1044.3 |
       Dungeon |  14882 |  13908 |    974 |   1732 |   9233 |  14 | 1063.0 |
        Temple |     42 |      2 |     40 |      0 |      0 |   1 |   42.0 |
        Bailey |   1784 |   1784 |      0 |    538 |    188 |   1 | 1784.0 |
               +--------+--------+--------+--------+--------+-----+--------+

Top non-repeatable levels by time:
    D:12: 3015 daAuts
  Bailey: 1784 daAuts
     D:9: 1404 daAuts
     D:8: 1312 daAuts
     D:7: 1302 daAuts
    D:10: 1081 daAuts
     D:1: 1040 daAuts
     D:4: 1037 daAuts
    D:11: 960 daAuts
     D:6: 881 daAuts
     D:5: 863 daAuts
     D:2: 782 daAuts
     D:3: 585 daAuts
    D:13: 526 daAuts
    D:15: 87 daAuts
